 Dungeon Crawl Stone Soup version 0.28.0-45-g0d030f2227 (webtiles) character file.

Game seed: 303561023504727043

166 thiscave3701365 the Chopper (level 5, -1/47 HPs)
             Began as a Hill Orc Berserker on Apr 19, 2022.
             Was a Believer of Trog.
             Slain by Natasha (5 damage)
             ... on level 3 of the Dungeon.
             The game lasted 00:02:35 (3276 turns).

thiscave3701365 the Chopper (Hill Orc Berserker)    Turns: 3276, Time: 00:02:36

Health: -1/47      AC:  6    Str: 22    XL:     5   Next: 47%
Magic:  5/5        EV: 10    Int:  7    God:    Trog [**....]
Gold:   87         SH:  0    Dex: 10    Spells: 4/4 levels left

rFire   . . .      SeeInvis .   b - +0 battleaxe
rCold   . . .      Faith    .   (shield currently unavailable)
rNeg    . . .      Spirit   .   h - +0 scale mail
rPois   .          Reflect  .   (no helmet)
rElec   .          Harm     .   (no cloak)
rCorr   .          Rampage  .   (no gloves)
Will    .....                   (no boots)
Stlth   ..........              (no amulet)
HPRegen 0.15/turn               (no ring)
MPRegen 0.09/turn               (no ring)

@: on berserk cooldown, slowed, very slow
A: no striking features
a: Renounce Religion, Berserk, Trog's Hand


You were on level 3 of the Dungeon.
You worshipped Trog.
Trog was pleased with you.
You visited 1 branch of the dungeon, and saw 3 of its levels.

You collected 87 gold pieces.

Inventory:

Hand Weapons
 a - a +0 hand axe
 b - a +0 battleaxe (weapon)
Armour
 h - a +0 scale mail (worn)
Scrolls
 c - 2 scrolls of immolation {unknown}
 d - 3 scrolls of identify {unknown}
 g - 2 scrolls of vulnerability {unknown}
 i - a scroll of fog {unknown}
 j - a scroll of enchant weapon {unknown}
 k - a scroll of magic mapping {unknown}
Potions
 e - a potion of curing {unknown}
 f - 2 potions of heal wounds {unknown}


   Skills:
 - Level 4.3 Fighting
 + Level 6.2 Axes
 - Level 3.2 Armour
 - Level 2.3 Dodging


You had 4 spell levels left.
You didn't know any spells.
Your spell library was empty.

Dungeon Overview and Level Annotations

Branches:
Dungeon (3/15)

Altars:
Okawaru

Annotations:
D:2 1 runed translucent door, Crazy Yiuf
D:3 Natasha, Sigmund


Message History

The crimson imp picks up a beetle and eats it.
The crimson imp blinks!
Natasha casts a spell.
You closely miss the goblin. You miss something.
The crimson imp shouts, "Scamper home, thou foisting toad-spotted mendicant!"
The goblin hits you with a +0 club.
The crimson imp blinks!
You slice the goblin!!
You kill the goblin!
Trog accepts your kill.
You barely miss something. Something hits you.
Unknown command.
You miss the crimson imp. You miss something.
The crimson imp blinks! x2
Something hits you.
You hit Natasha.
Natasha is moderately wounded.
You hit something.
The crimson imp blinks!
Natasha stares at you and mumbles some strange words.
You feel yourself slow down.
Unknown command.
You hit Natasha.
Natasha is severely wounded.
You miss something.
You are no longer berserk.
You are exhausted.
You feel as though you will be slow longer.
Something hits you! Natasha completely misses you.
You barely miss Natasha.
Natasha is severely wounded.
You barely miss something. Natasha barely misses you. Something hits you!
* * * LOW HITPOINT WARNING * * *
Natasha stares at you and mumbles some strange words.
You resist with some effort. Something hits you!
* * * LOW HITPOINT WARNING * * *
The crimson imp blinks!
Natasha claws you but does no damage.
You are too injured to fight recklessly!
You are too injured to fight recklessly!
You hit something. You hit Natasha but do no damage. You miss the crimson imp.
The crimson imp hits you but does no damage.
Natasha claws you.
You die...

#..#.....# #.....#
#.##.....###.#####
##.#...##...##
##.####.5.## ###
#...# #...# #...#
#...# #.@.# #5{h#
...5...
...........
...............
.#####...######
#...# #...#


You could see Natasha and 3 crimson imps.

Vanquished Creatures
  8 gnolls (D:2)
  An adder (D:2)
  3 dart slugs
  11 bats
  4 endoplasms (D:1)
  3 giant cockroaches
  4 goblins
  7 hobgoblins
  5 jackals
  5 quokkas
  6 ball pythons
  4 frilled lizards
  6 kobolds
  9 rats
76 creatures vanquished.

Notes
Turn   | Place    | Note
-------+----------+-------------------------------------------
     0 | D:1      | thiscave3701365 the Hill Orc Berserker began the quest for
                  | the Orb.
     0 | D:1      | Reached XP level 1. HP: 19/19 MP: 1/1
    82 | D:1      | Reached XP level 2. HP: 22/27 MP: 2/2
   537 | D:1      | Reached XP level 3. HP: 24/33 MP: 3/3
   732 | D:1      | Reached ** piety under Trog
  1556 | D:2      | Found a faded altar of an unknown god.
  1756 | D:2      | Reached XP level 4. HP: 39/40 MP: 4/4
  1919 | D:2      | Reached skill level 5 in Axes
  1988 | D:2      | Reached XP level 5. HP: 47/47 MP: 5/5
  2512 | D:2      | Found a runed translucent door.
  2513 | D:2      | Noticed Crazy Yiuf
  2582 | D:2      | Reached skill level 6 in Axes
  3119 | D:3      | Found an iron altar of Okawaru.
  3260 | D:3      | Noticed Sigmund
  3264 | D:3      | Noticed Natasha
  3276 | D:3      | Slain by Natasha

Illustrated notes

Levels and vault maps discovered:
D:1:      sevenhm_arrival_forest_fort_large_2, layout_loops_cross,
          minmay_tromino_i4
D:2:      layout_basic, ebering_ecumenical_altar_webs, uniq_crazy_yiuf_cottage
D:3:      layout_loops_cross, mainiacjoe_overflow_catwalk,
          mainiacjoe_overflow_alcove_4, uniq_sigmund, uniq_jessica, uniq_natasha

Skill      XL: |  1  2  3  4  5 |
---------------+----------------+-----
Fighting       | 4 |  4.3
Dodging        | 2 |  2.3
Armour         | 3 |  3.2
Axes           | 5 6 |  6.2

Action                   |  1- 3 |  4- 6 || total
-------------------------+-------+-------++-------
Melee: Hand axe          |   135 |    14 ||   149
       Battleaxe         |       |    72 ||    72
       Punch             |       |     1 ||     1
Invok: Berserk           |     1 |     3 ||     4
 Stab: Sleeping          |     1 |       ||     1
Armor: Animal skin       |    19 |       ||    19
       Scale mail        |    28 |    35 ||    63
Dodge: Dodged            |    86 |    47 ||   133
